Map: Acid Plant LE

Players

ShoWTimE

  • Race: Protoss Protoss
  • Spawn Location: 5:00

Maru - Winner!

  • Race: Terran Terran
  • Spawn Location: 11:00

Event: WESG 2017 Haikou

VOD

https://youtu.be/mYxgHYBJoNw?t=2409

Description

Time

  • Played on: March 16, 2018, 7:01 a.m.
  • Length: 20:05

All games in this series

Show
View Real Time Build Order
Export as new Build Order

ShoWTimE Protoss 

Build Orders: Oracle Opening, Phoenix Opening 

Get SALT Encoding   

  12  0:00  Probe  
  13  0:12  Probe  
  14  0:17  Pylon  
  14  0:25  Probe (Chrono Boost)  
  15  0:37  Probe (Chrono Boost), Gateway  
  16  0:44  Probe (Chrono Boost)  
  16  0:45  Assimilator  
  17  0:51  Probe  
  18  1:03  Probe  
  19  1:15  Probe  
  20  1:26  Pylon  
  20  1:27  Probe  
  20  1:29  Cybernetics Core  
  20  1:32  Zealot, Pylon  
  23  1:39  Assimilator  
  23  1:44  Probe  
  24  1:56  Probe  
  25  2:04  Stalker (Chrono Boost)  
  27  2:08  Probe  
  27  2:14  Gateway  
  28  2:25  Probe  
  28  2:26  Stargate  
  29  2:36  Stalker  
  31  2:47  Nexus  
  31  2:51  Probe  
  32  2:54  Warp Gate  
  32  3:03  Probe  
  33  3:05  Pylon  
  33  3:10  Phoenix (Chrono Boost)  
  35  3:15  Probe  
  36  3:27  Probe, Phoenix  
  39  3:36  Gateway  
  39  3:45  Gateway  
  39  3:48  Probe  
  40  3:54  Oracle (Chrono Boost)  
  40  4:01  Probe  
  44  4:03  Probe  
  45  4:10  Shield Battery  
  45  4:13  Probe  
  45  4:15  Probe  
  47  4:23  Robotics Facility  
  47  4:25  Probe  
  47  4:27  Probe  
  49  4:34  Oracle (Chrono Boost)  
  49  4:37  Probe  
  53  4:39  Probe  
  53  4:43  Pylon  
  54  4:49  Probe  
  54  4:51  Probe  
  56  4:56  Stalker, Zealot  
  60  5:00  Stalker  
  60  5:02  Probe  
  60  5:04  Probe  
  60  5:06  Assimilator  
  64  5:11  Observer  
  64  5:14  Probe  
  66  5:23  Pylon  
  66  5:26  Nexus  
  66  5:30  Probe x2  
  68  5:36  Pylon  
  68  5:39  Forge  
  68  5:40  Twilight Council  
  68  5:42  Assimilator  
  68  5:43  Probe  
  68  5:44  Probe  
  68  5:49  Pylon  
  70  5:59  Blink (Chrono Boost)  
  70  6:01  Observer  
  71  6:05  Sentry, Probe x2  
  71  6:06  Sentry  
  77  6:12  Gateway  
  77  6:14  Gateway  
  77  6:16  Protoss Ground Weapons Level 1 (Chrono Boost)  
  77  6:18  Gateway  
  77  6:25  Gateway  
  77  6:31  Probe x2  
  77  6:32  Gateway  
  79  6:41  Probe  
  79  6:43  Probe x2  
  79  6:46  Immortal  
  86  6:52  Sentry  
  86  6:53  Probe, Shield Battery  
  88  6:55  Probe  
  88  6:59  Shield Battery  
  89  7:01  Stalker x2  
  93  7:09  Stalker  
  93  7:13  Stalker  
  93  7:14  Stalker  
  99  7:27  Stalker x2  
  103  7:35  Pylon  
  103  7:36  Pylon  
  103  7:39  Pylon  
  103  7:45  Pylon  
  103  7:53  Protoss Ground Armor Level 1 (Chrono Boost), Immortal (Chrono Boost)  
  103  7:54  Stalker x3  
  112  7:59  Pylon  
  112  8:04  Stalker  
  114  8:08  Pylon  
  114  8:12  Stalker  
  116  8:26  Immortal (Chrono Boost)  
  116  8:28  Stalker  
  116  8:33  Probe x3, Shield Battery x2  
  125  8:37  Assimilator  
  125  8:40  Charge (Chrono Boost)  
  125  8:43  Assimilator  
  125  8:45  Probe x3  
  128  8:57  Probe x3  
  128  9:01  Immortal  
  128  9:02  Zealot x7  
  149  9:07  Robotics Bay  
  149  9:14  Pylon  
  149  9:15  Pylon  
  149  9:16  Pylon  
  149  9:17  Pylon  
  149  9:20  Pylon  
  149  9:28  Robotics Facility  
  149  9:30  Protoss Ground Weapons Level 2 (Chrono Boost)  
  149  9:31  Forge  
  149  9:42  Pylon  
  149  9:43  Pylon  
  148  9:48  Stalker x2  
  148  9:49  Stalker x4  
  148  9:52  Zealot x2  
  154  10:12  Colossus (Chrono Boost)  
  148  10:14  Zealot x3  
  148  10:15  Zealot x3  
  148  10:17  Colossus (Chrono Boost)  
  160  10:22  Extended Thermal Lance (Chrono Boost)  
  166  10:39  Nexus  
  164  10:45  Protoss Ground Armor Level 2 (Chrono Boost)  
  164  10:50  Pylon  
  164  10:53  Stalker x3  
  168  11:02  Colossus (Chrono Boost)  
  174  11:05  Colossus (Chrono Boost)  
  180  11:15  Nexus  
  180  11:18  Pylon  
  172  11:33  Pylon  
  172  11:36  Stalker x6  
  172  11:37  Protoss Ground Weapons Level 3 (Chrono Boost)  
  184  11:40  Pylon  
  184  11:47  Stalker  
  188  11:56  Warp Prism (Chrono Boost)  
  188  11:57  Stalker  
  188  12:02  Stalker x2  
  192  12:22  Stalker x3  
  194  12:23  Stalker  
  188  12:32  Stalker x4  
  110  12:47  Stalker x4  
Show
View Real Time Build Order
Export as new Build Order

Maru Terran - Winner!

Build Orders: Cyclone Opening, MMM Bio 

Get SALT Encoding   

  12  0:00  SCV  
  13  0:13  SCV  
  14  0:17  Supply Depot  
  14  0:25  SCV  
  15  0:39  SCV  
  15  0:42  Barracks  
  16  0:46  Refinery  
  16  0:51  SCV  
  16  0:56  Refinery  
  17  1:03  SCV  
  18  1:15  SCV  
  19  1:29  Orbital Command, Reaper  
  20  1:36  Supply Depot  
  20  1:44  Factory  
  20  1:55  SCV  
  21  2:07  SCV  
  22  2:19  SCV  
  23  2:28  Cyclone  
  26  2:32  Starport  
  26  2:33  SCV  
  27  2:43  Supply Depot  
  27  2:47  SCV  
  28  2:57  Command Center  
  28  3:01  SCV  
  29  3:09  Cyclone  
  29  3:12  Starport Tech Lab  
  32  3:15  SCV  
  32  3:28  SCV  
  32  3:31  Raven  
  32  3:32  Barracks  
  35  3:40  SCV  
  36  3:52  SCV  
  37  4:08  SCV, Factory Reactor  
  38  4:12  Barracks x2  
  39  4:19  Bunker, Orbital Command  
  39  4:20  SCV  
  39  4:26  Marine, Engineering Bay  
  39  4:27  Starport Reactor  
  39  4:30  Stimpack  
  40  4:38  SCV  
  41  4:44  Marine  
  42  4:48  SCV  
  42  4:50  SCV  
  42  4:51  Factory Reactor  
  44  4:56  Missile Turret  
  44  4:57  Terran Infantry Weapons Level 1  
  44  5:00  SCV  
  44  5:02  SCV, Marine  
  44  5:05  Supply Depot  
  46  5:10  Missile Turret  
  46  5:11  Marine x2  
  46  5:12  SCV, Starport Reactor  
  49  5:14  Marine  
  49  5:15  Marine  
  49  5:20  Supply Depot  
  51  5:24  SCV x2  
  53  5:28  Supply Depot  
  53  5:29  Widow Mine x2  
  53  5:32  Marine  
  53  5:33  Marine x2  
  53  5:34  Marine  
  61  5:42  SCV, Marauder  
  64  5:43  SCV  
  64  5:44  Supply Depot  
  65  5:50  Widow Mine  
  65  5:51  Supply Depot, Widow Mine  
  65  5:55  Medivac  
  65  5:56  Medivac  
  73  6:00  Marine x3  
  73  6:01  Marine  
  73  6:02  SCV  
  78  6:06  Marauder  
  78  6:09  Supply Depot  
  80  6:14  Widow Mine  
  80  6:16  Widow Mine  
  84  6:20  Marine x2  
  84  6:21  Marine x2  
  84  6:24  SCV, Refinery  
  84  6:25  SCV  
  90  6:28  Medivac  
  90  6:31  Combat Shields  
  92  6:38  Marauder, Marine x4  
  97  6:43  SCV x2  
  97  6:46  Supply Depot  
  99  6:53  Command Center  
  99  6:58  Widow Mine  
  101  7:03  Supply Depot  
  101  7:05  Marine  
  101  7:07  Marine x2  
  101  7:08  Marauder, Marine, Widow Mine  
  108  7:09  Supply Depot  
  109  7:29  Marauder  
  111  7:32  Marine  
  111  7:33  Marine  
  111  7:34  Marine  
  114  7:37  SCV  
  114  7:38  Medivac x2  
  114  7:39  Barracks  
  114  7:40  Barracks  
  114  7:41  Terran Infantry Armor Level 1  
  118  7:51  Marauder  
  120  7:53  Concussive Shells  
  120  7:55  SCV  
  120  7:56  Refinery  
  120  7:57  SCV, Supply Depot x2  
  126  8:07  Marine x3  
  126  8:11  Medivac  
  126  8:12  Marauder  
  129  8:18  SCV x2, Orbital Command  
  131  8:30  SCV x2  
  131  8:32  Barracks Tech Lab  
  131  8:33  Marauder, Barracks Tech Lab  
  135  8:37  Marine x3  
  138  8:47  SCV, Armory, Liberator  
  139  8:48  Engineering Bay  
  139  8:50  SCV x2  
  139  8:52  Liberator  
  139  8:55  Marauder  
  133  8:59  SCV  
  133  9:00  Marauder x2, Marine  
  133  9:02  SCV  
  145  9:16  Marauder  
  147  9:20  Supply Depot, Starport  
  147  9:21  Marauder  
  149  9:27  SCV  
  149  9:29  Refinery x2, SCV, Fusion Core  
  149  9:30  SCV  
  152  9:32  Supply Depot  
  152  9:33  Supply Depot  
  152  9:36  Terran Infantry Weapons Level 2  
  152  9:38  Marine x4  
  153  9:39  SCV  
  153  9:41  Marine  
  158  9:50  Terran Infantry Armor Level 2  
  158  9:58  Liberator  
  156  10:03  Marauder, Marine  
  156  10:04  Marauder x2, Marine  
  156  10:05  Widow Mine x2  
  159  10:14  Marine  
  159  10:20  Liberator  
  163  10:25  Marauder x2  
  163  10:26  SCV  
  168  10:28  Starport Tech Lab  
  168  10:32  SCV x2  
  168  10:33  Supply Depot  
  170  10:38  Advanced Ballistics, Command Center  
  170  10:39  Barracks Tech Lab  
  170  10:40  Marine x2  
  171  10:44  Liberator  
  171  10:45  Liberator  
  171  10:46  Marauder  
  171  10:48  Supply Depot x2  
  173  10:55  Marine x2  
  173  10:56  Marauder  
  183  11:08  Marauder  
  183  11:10  Liberator  
  185  11:12  Missile Turret  
  185  11:14  Missile Turret  
  185  11:24  Terran Ship Weapons Level 1  
  184  11:27  Liberator  
  184  11:29  Marauder, Marine, Ghost Academy, Liberator  
  190  11:39  Refinery  
  186  11:44  Refinery  
  192  11:47  Marine  
  192  11:48  Marauder x2, Marine x2  
  199  11:57  Planetary Fortress  
  199  12:18  Command Center  
  199  12:20  Terran Infantry Armor Level 3  
  199  12:21  Terran Infantry Weapons Level 3  
  196  12:36  Marauder, Marine x2  
  196  12:37  Marauder, Marine  
  171  12:38  Marauder  
  171  12:40  Liberator x2  
  171  12:42  Marine  
  114  12:54  Marine  
  114  12:58  Marauder x2  
  119  12:59  Marauder  
  119  13:19  Marauder x2  
  119  13:20  Marauder  
Tags
 
Add a new tag
Caveats
  • Supply blocks, unpowered buildings, or Contaminate may cause inaccurate times.
  • Supply counts are checked every 10 seconds.